 Dungeon Crawl Stone Soup version 0.26-a0-491-g70697cc071 (webtiles) character file.

Game seed: 16763848321928593948

81 ANON1729 the Sneak (level 4, -1/38 HPs)
             Began as a Palentonga Delver on Aug 4, 2020.
             Slain by a gnoll (6 damage)
             ... on level 5 of the Dungeon.
             The game lasted 00:01:54 (989 turns).

ANON1729 the Sneak (Palentonga Delver)               Turns: 989, Time: 00:01:54

Health: -1/38      AC:  4    Str: 16    XL:     4   Next: 20%
Magic:  4/4        EV: 10    Int: 11    God:
Gold:   25         SH:  0    Dex: 11    Spells: 3/3 levels left

rFire    . . .     SeeInvis +   k - +0 scimitar
rCold    . . .     Faith    .   (no shield)
rNeg     . . .     Spirit   .   b - +0 leather armour
rPois    .         Reflect  .   (no helmet)
rElec    .         Harm     .   (no cloak)
rCorr    .                      (no gloves)
MR       .....                  (boots restricted)
Stlth    ++........             (no amulet)
HPRegen  0.12/turn              (no ring)
MPRegen  0.09/turn              (no ring)

@: no status effects
A: large, rugged brown scales 3, see invisible, deformed body, roll, armoured
tail
a: Rolling Charge


You were on level 5 of the Dungeon.
You visited 1 branch of the dungeon, and saw 1 of its levels.

You collected 25 gold pieces.

Inventory:

Hand Weapons
 a - a +0 falchion
 k - a +0 scimitar (weapon)
Armour
 b - a +0 leather armour (worn)
Jewellery
 m - an uncursed ring of fire
Wands
 g - a wand of digging (3)
Scrolls
 c - a scroll of fog
 d - a scroll of magic mapping
 e - a scroll of fear
 h - a scroll of identify {unknown}
 i - a scroll of remove curse {unknown}
Potions
 f - a potion of haste
 j - a potion of curing {unknown}
 l - a potion of lignification {unknown}


   Skills:
 + Level 3.6 Fighting
 + Level 2.8 Long Blades
 + Level 2.2 Dodging
 + Level 3.7 Stealth


You had 3 spell levels left.
You didn't know any spells.
Your spell library was empty.

Dungeon Overview and Level Annotations

Branches:
Dungeon (5/15)
 Temple: D:4-7

Altars:

Annotations:
D:5 exclusion: centaur


Innate Abilities, Weirdness & Mutations

You are completely covered in rugged brown scales. (AC +3, +7% HP)
You have supernaturally acute eyesight. (SInv)
Armour fits poorly on your strangely shaped body.
You can roll at foes to attack.
You have a long armoured tail.


Message History

The gnoll is almost dead.
The gnoll hits you with a +0 halberd!
* * * LOW HITPOINT WARNING * * *
You slash the gnoll!
You kill the gnoll!
You close the door.
You start resting.
A gnoll opens the door.
It is wielding a +0 spear of freezing.
There is a stone staircase leading up here.
You start resting.
A gnoll comes into view.
You catch the helpless gnoll completely off-guard!
You hit the gnoll but do no damage. You tail-slap the gnoll.
The gnoll is lightly wounded.
The gnoll hits you!
* * * LOW HITPOINT WARNING * * *
You hit the gnoll.
The gnoll is severely wounded.
The gnoll hits you.
You die...

#....#..##########'#.
####.##............'.
#.##..#########.#.
#.##..# #.## #<....#
#.# #.###.## #.#
#.###..## #.#
#.#.....# #..
#@#.....# #..
#g#.....# #.#.....##
#.#......######..
#.###......?(...c #.#
##...######.# #.#
#....# #.# #.#
####.## #.# #.# #..#
#.#


You could see a gnoll.

Vanquished Creatures
  A howler monkey (D:5)
  A worker ant zombie (D:5)
  A gnoll (D:5)
  A shadow imp (D:5)
  A white imp (D:5)
  An ufetubus (D:5)
6 creatures vanquished.

Notes
Turn   | Place    | Note
-------+----------+-------------------------------------------
     0 | D:5      | ANON1729 the Palentonga Delver began the quest for the Orb.
     0 | D:5      | Reached XP level 1. HP: 19/19 MP: 1/1
   114 | D:5      | Noticed a centaur
   213 | D:5      | Reached XP level 2. HP: 23/25 MP: 2/2
   457 | D:5      | Noticed a howler monkey
   612 | D:5      | HP: 1/25 [howler monkey (6)]
   613 | D:5      | Killed a howler monkey
   613 | D:5      | Reached XP level 3. HP: 1/31 MP: 3/3
   841 | D:5      | Reached XP level 4. HP: 20/37 MP: 4/4
   989 | D:5      | Slain by a gnoll

Illustrated notes

Levels and vault maps discovered:
D:5:      layout_basic

Skill      XL: |  1  2 |
---------------+-------+-----
Dodging        | 2 |  2.2
Fighting       | |  3.6
Long Blades    | |  2.8
Stealth        | |  3.7

Action                   |  1- 3 |  4- 6 || total
-------------------------+-------+-------++-------
Melee: Scimitar          |    16 |    10 ||    26
       Tailslap          |     4 |     1 ||     5
 Abil: Rolling Charge    |     2 |       ||     2
 Stab: Sleeping          |     1 |       ||     1
       Distracted        |       |     1 ||     1
Armor: Leather armour    |     1 |       ||     1
Dodge: Dodged            |    10 |     3 ||    13
       Rpst.: Scimitar   |     2 |       ||     2

Table legend: (Time is in decaauts)
 A = Elapsed time spent in this place.
 B = Non-inter-level travel time spent in this place.
 C = Inter-level travel time spent in this place.
 D = Time resting spent in this place.
 E = Time spent auto-exploring this place.
 F = Levels seen in this place.
 G = Mean time per level.
                   A        B        C        D        E       F      G
               +--------+--------+--------+--------+--------+-----+--------+
         Total |    994 |    957 |     37 |    463 |    363 |   1 |  994.0 |
       Dungeon |    994 |    957 |     37 |    463 |    363 |   1 |  994.0 |
               +--------+--------+--------+--------+--------+-----+--------+

Top non-repeatable levels by time:
     D:5: 994 daAuts
